 Dungeon Crawl Stone Soup version 0.29.1-12-g30fa7ad0bf (webtiles) character file.

Game seed: 16792918357742295066

1024 LustLizard the Ruffian (level 8, -7/79 HPs)
             Began as a Troll Fighter on Dec 26, 2022.
             Was a Follower of Wu Jian.
             Mangled by an ice beast (11 damage)
             ... on level 6 of the Dungeon.
             The game lasted 00:06:21 (3475 turns).

LustLizard the Ruffian (Troll Fighter)              Turns: 3475, Time: 00:06:22

Health: -7/79      AC:  4    Str: 25    XL:     8   Next: 2%
Magic:  7/7        EV:  8    Int:  6    God:    Wu Jian [*.....]
Gold:   235        SH: 13    Dex:  9    Spells: 7/7 levels left

rFire   . . .      SeeInvis +     - Unarmed
rCold   . . .      Faith    .   b - +0 kite shield
rNeg    . . .      Spirit   .   a - +0 robe
rPois   .          Reflect  +   (helmet restricted)
rElec   .          Harm     .   (no cloak)
rCorr   .          Rampage  .   (gloves unavailable)
Will    .....                   (boots unavailable)
Stlth   +.........              p - amulet of reflection
HPRegen 1.03/turn               g - ring of see invisible
MPRegen 0.10/turn               (no ring)

@: no status effects
A: large, unfitting armour, claws 3, regeneration 1, shaggy fur 1, tough skin 1
a: Renounce Religion


You were on level 6 of the Dungeon.
You worshipped Wu Jian.
Wu Jian was aware of your devotion.
You visited 1 branch of the dungeon, and saw 6 of its levels.

You collected 235 gold pieces.

Inventory:

Missiles
 r - 2 throwing nets (quivered)
Armour
 a - a +0 robe (worn)
 b - a +0 kite shield (worn)
Jewellery
 g - a ring of see invisible (left claw)
 p - an amulet of reflection (around neck)
 t - an amulet of the acrobat
Wands
 m - a wand of polymorph (12)
 u - a wand of roots (12)
Scrolls
 d - 2 scrolls of teleportation
 e - 4 scrolls of fog
 i - 2 scrolls of amnesia
 l - 2 scrolls of identify {unknown}
 n - 2 scrolls of poison
 o - a scroll of immolation {unknown}
 s - a scroll of noise {unknown}
 v - a scroll of blinking {unknown}
 w - a scroll of enchant armour {unknown}
 x - a scroll of magic mapping {unknown}
 y - a scroll of enchant weapon {unknown}
Potions
 c - 3 potions of might
 f - 3 potions of lignification {unknown}
 h - a potion of berserk rage {unknown}
 j - a potion of curing {unknown}
 k - 3 potions of degeneration {unknown}
 q - 2 potions of haste {unknown}


   Skills:
 + Level 4.5 Fighting
 - Level 2.4 Dodging
 + Level 5.0 Shields
 * Level 6.9 Unarmed Combat


You had 7 spell levels left.
You didn't know any spells.
Your spell library contained the following spells:

 Spells                   Type           Power      Damage    Failure   Level
 Foxfire                  Conj/Fire      0%         2x1d4     73%         1
 Conjure Flame            Conj/Fire      0%         6-21      97%         3
 Dazzling Flash           Conj/Hex       0%         N/A       97%         3
 Inner Flame              Hex/Fire       0%         N/A       97%         3
 Stone Arrow              Conj/Erth      0%         3d7       97%         3
 Animate Armour           Summ/Erth      0%         N/A       100%        4
 Flame Wave               Conj/Fire      0%         2d4       100%        4
 Agony                    Necr           0%         N/A       100%        5
 Silence                  Hex/Air        0%         N/A       100%        5
 Lehudib's Crystal Spear  Conj/Erth      0%         10d2      100%        8


Dungeon Overview and Level Annotations

Branches:
Dungeon (6/15)
 Temple: D:4-7

Altars:
Ashenzari
Makhleb
Nemelex Xobeh
Trog
Wu Jian
Xom

Annotations:
D:1 1 transporter


Innate Abilities, Weirdness & Mutations

You are too large for most types of armour.
You have claws for hands.
Your natural rate of healing is unusually fast.
You are covered in fur. (AC +1)
You have tough skin. (AC +1)


Message History

The water moccasin is severely wounded.
You feel sick. You block the water moccasin's attack.
The water moccasin closely misses you.
You miss the water moccasin.
The water moccasin is severely wounded.
You feel very sick.
The water moccasin bites you but does no damage.
You scratch the water moccasin.
The water moccasin is almost dead.
You feel sick. The water moccasin bites you.
The water moccasin bites you but does no damage.
You barely miss the water moccasin.
The water moccasin is almost dead.
You feel sick. You block the water moccasin's attack.
You miss the water moccasin.
The water moccasin is almost dead.
You feel sick. The water moccasin barely misses you.
You claw the water moccasin!
You kill the water moccasin!
The Council accepts your kill.
You feel sick.
Your Shields skill increases to level 5!
You have reached level 8!
You scratch the ice beast but do no damage.
You feel sick. The ice beast hits you. The ice beast freezes you!
* * * LOW HITPOINT WARNING * * *
You claw the ice beast!
The ice beast is heavily wounded.
You feel sick. The ice beast hits you.
* * * LOW HITPOINT WARNING * * *
The ice beast freezes you!
* * * LOW HITPOINT WARNING * * *
You scratch the ice beast.
The ice beast is severely wounded.
You feel sick.
You are no longer poisoned.
The ice beast hits you.
* * * LOW HITPOINT WARNING * * *
The ice beast freezes you!
You die...

#.. #....##.#######
#.#######...........
####....#....##.#######
....#...#.#####.#
#...Y.#># #.# #)...#
#.# #.S..#.## #.#
....####Y# #.# ..# #@#
#.# # #.# #.# #.# #.#
..# ###


You could see an ice beast.

Vanquished Creatures
  A water moccasin (D:6)
  A black bear (D:4)
  An ice beast (D:5)
  2 ogres
  A bullfrog (D:6)
  A scorpion (D:5)
  2 hounds
  2 jellies
  A gnoll bouda (D:4)
  Jessica (D:2)
  Terence (D:2)
  4 gnolls
  9 adders
  4 worms
  4 dart slugs
  8 orcs
  9 ball pythons
  8 endoplasms
  3 giant cockroaches
  11 goblins
  2 hobgoblins
  5 jackals
  10 kobolds
  A quokka (D:2)
  9 bats
  8 frilled lizards
  6 rats
115 creatures vanquished.

Vanquished Creatures (others)
  12 plants (D:2)
12 creatures vanquished.

Grand Total: 127 creatures vanquished

Notes
Turn   | Place    | Note
-------+----------+-------------------------------------------
     0 | D:1      | LustLizard the Troll Fighter began the quest for the Orb.
     0 | D:1      | Reached XP level 1. HP: 22/22 MP: 0/0
   123 | D:1      | Reached XP level 2. HP: 29/29 MP: 1/1
   286 | D:1      | Reached XP level 3. HP: 36/36 MP: 2/2
   300 | D:1      | Found a faded altar of an unknown god.
   567 | D:2      | Reached skill level 3 in Unarmed Combat
   573 | D:2      | Noticed Terence
   584 | D:2      | Killed Terence
   588 | D:2      | Reached XP level 4. HP: 33/44 MP: 3/3
   663 | D:2      | Noticed Jessica
   670 | D:2      | Killed Jessica
  1503 | D:3      | Reached XP level 5. HP: 53/53 MP: 4/4
  1549 | D:3      | Reached skill level 4 in Unarmed Combat
  1643 | D:3      | Found a burning altar of Makhleb.
  1718 | D:3      | Found a sparkling altar of Nemelex Xobeh.
  1763 | D:3      | Found a broken altar of Ashenzari.
  1780 | D:3      | Found a bloodstained altar of Trog.
  1798 | D:3      | Found a shimmering altar of Xom.
  1798 | D:3      | Found an ornate altar of the Wu Jian Council.
  1809 | D:3      | Became a worshipper of the Wu Jian Council
  2305 | D:4      | Reached XP level 6. HP: 57/61 MP: 5/5
  2309 | D:4      | Reached * piety under Wu Jian
  2645 | D:4      | Reached skill level 5 in Unarmed Combat
  2671 | D:5      | Entered Level 5 of the Dungeon
  2759 | D:5      | Noticed an ice beast
  2764 | D:5      | Killed an ice beast
  2765 | D:5      | Reached XP level 7. HP: 70/70 MP: 6/6
  2845 | D:5      | Reached skill level 6 in Unarmed Combat
  3473 | D:6      | Reached skill level 5 in Shields
  3473 | D:6      | Reached XP level 8. HP: 37/79 MP: 7/7
  3475 | D:6      | Mangled by an ice beast

Illustrated notes

Levels and vault maps discovered:
D:1:      spicycebolla_arrival_risky_transporter, layout_rooms,
          dreamdust_ecumenical_altar_angels_and_demons, st_stairs_14,
          nicolae_kite_square_tiling_tiny, kennysheep_another_room
D:2:      layout_loops_ring, serial_bayou_lagoon_a, grunt_ministairs_5,
          lexackson_kobold_supper, uniq_terence, uniq_jessica
D:3:      layout_rooms, marbit_many_paths, bloody_makhleb,
          grunt_temple_overflow_open, serial_curves, eino_curves_04,
          eino_curves_01
D:4:      layout_loops_ring, amethyst_killhole, corexii_checkpoint_b,
          skrybe_limestone_x, kennysheep_generic_room_11
D:5:      wad_woods_pond, layout_basic
D:6:      layout_loops_ring, mainiacjoe_overflow_surrounded_room,
          minmay_temple_entry_junction_2

Skill      XL: |  1  2  3  4  5  6  7 |
---------------+----------------------+-----
Shields        | 3 4 5 |  5.0
Unarmed Combat | 3 4 5 6 |  6.9
Fighting       | 3 4 |  4.5
Dodging        | |  2.4

Action                   |  1- 3 |  4- 6 |  7- 9 || total
-------------------------+-------+-------+-------++-------
Melee: Unarmed           |    97 |   188 |    52 ||   337
Invok: Lunge             |       |     4 |     4 ||     8
  Use: Scroll            |       |     1 |     3 ||     4
 Stab: Sleeping          |       |     1 |       ||     1
Armor: Robe              |    30 |    51 |     6 ||    87
Dodge: Dodged            |    33 |    53 |    13 ||    99
Block: Kite shield       |    30 |    78 |    25 ||   133
       Reflection        |       |     1 |     1 ||     2
